 Dungeon Crawl Stone Soup version 0.18-a0-1361-g9293dd1 (webtiles) character file.

46 Duffy the Chopper (level 3, -2/19 HPs)
             Began as a Vine Stalker Fighter on Feb 20, 2016.
             Slain by Purgy (5 damage)
             ... in a sewer.
             The game lasted 00:01:52 (595 turns).

Duffy the Chopper (Vine Stalker Fighter)             Turns: 595, Time: 00:01:52

Health: -2/19      AC:  6    Str: 18    XL:     3   Next: 66%
Magic:  0/4        EV:  7    Int:  9    God:
Gold:   22         SH:  9    Dex: 13    Spells: 0 memorised, 2 levels left

rFire  . . .     SeeInvis .     a - +0 war axe
rCold  . . .     Gourm    .     b - +0 scale mail
rNeg   . . .     Faith    .     c - +0 shield
rPois  .         Spirit   +     (no helmet)
rElec  .         Dismiss  .     (no cloak)
rCorr  .         Reflect  .     (no gloves)
SustAt .         Harm     +     (no boots)
MR     .....                    g - amulet of harm
Stlth  ..........               (no ring)
                                (no ring)

@: not resistant to hostile enchantments, extremely unstealthy
A: fangs 2, regeneration 1, magic shield, antimagic bite, no device heal 3, rot
immunity
a: no special abilities


You were in a sewer.
You were not hungry.

You visited 1 branch of the dungeon, and saw 3 of its levels.
You also visited: Sewer.

You collected 22 gold pieces.


Innate Abilities, Weirdness & Mutations

You have extremely sharp teeth.
Your natural rate of healing is unusually fast.
When hurt, damage is shared between your health and your magic reserves.
Your bite disrupts and absorbs the magic of your enemies.
Potions and wands cannot restore your health.
You are immune to rotting.


   Skills:
 - Level 2.6 Fighting
 + Level 3.5 Axes
 - Level 2.4 Armour
 - Level 2.6 Shields


You had 2 spell levels left.
You didn't know any spells.

Inventory:

Hand Weapons
 a - a +0 war axe (weapon)
Armour
 b - a +0 scale mail (worn)
 c - a +0 shield (worn)
Jewellery
 g - an amulet of harm (around neck)
Scrolls
 e - 2 scrolls of identify {unknown}
 h - a scroll of magic mapping {unknown}
Potions
 d - a potion of might
Comestibles
 f - a bread ration

Dungeon Overview and Level Annotations

Branches:
Dungeon (3/15)

Altars:
Gozag

Annotations:
Sewer Purgy


Message History

You block Purgy's attack.
You hit Purgy. Your bite misses Purgy.
Purgy is moderately wounded.
Purgy bites you. You block Purgy's attack. Purgy claws you but does no damage.
You are too injured to fight recklessly!
You are too injured to fight recklessly!
You are too injured to fight recklessly!
You are too injured to fight recklessly!
You are too injured to fight recklessly!
You are too injured to fight recklessly!
You are too injured to fight recklessly!
You are too injured to fight recklessly!
You are too injured to fight recklessly!
You are too injured to fight recklessly!
You are too injured to fight recklessly!
You are too injured to fight recklessly!
You are too injured to fight recklessly!
You are too injured to fight recklessly!
You are too injured to fight recklessly!
You are too injured to fight recklessly!
You are too injured to fight recklessly!
You are too injured to fight recklessly!
You are too injured to fight recklessly!
You are too injured to fight recklessly!
You are too injured to fight recklessly!
You are too injured to fight recklessly!
You are too injured to fight recklessly!
You slash Purgy!
Purgy is heavily wounded.
Purgy bites you but does no damage. You block Purgy's attack. Purgy claws you.
You block Purgy's attack. Purgy claws you. x2
You closely miss Purgy. Your bite misses Purgy.
Purgy is heavily wounded.
Purgy bites you.
You die...

######## #
###......### #
###....~..~..### #
###...~~####~.@T.#
###.~.~.###
###.~...#
.~.....##
##..~.~.#
###...~~# ~..~###
# ###.~~~.# .~##.$
# ###....~ ### %#
# ##.~.. # ####


You could see Purgy.

Action                   || total
-------------------------++-------
Melee: War axe           ||    81

Notes
Turn   | Place    | Note
--------------------------------------------------------------
     0 | D:1      | Duffy the Vine Stalker Fighter began the quest for the Orb.
     0 | D:1      | Reached XP level 1. HP: 11/11 MP: 2/2
    46 | D:1      | Reached skill level 2 in Axes
   138 | D:2      | Reached XP level 2. HP: 16/16 MP: 3/3
   220 | D:3      | Reached skill level 3 in Axes
   220 | D:3      | Reached XP level 3. HP: 7/19 MP: 4/4
   320 | D:3      | Found an opulent altar of Gozag.
   540 | D:3      | Found a glowing drain.
   552 | Sewer    | Entered a sewer
   585 | Sewer    | Noticed Purgy
   595 | Sewer    | Slain by Purgy

Vault maps used:
D:1:      scummos_arrival_gate, minivault_4
D:2:      uniq_jessica
D:3:      lemuel_upstairs_altar, overflow_temple_1_default,
          portal_sewer_entry_f, grunt_gozag_statues, uniq_terence
Sewer:    sewer_the_crocodile

Vanquished Creatures
  An adder
  A worm
  2 giant geckos
  An orc
  4 bats
  5 giant cockroaches
  A goblin
  2 hobgoblins
  4 jackals
  A giant newt
  4 kobolds
  2 rats
28 creatures vanquished.
